 Dungeon Crawl Stone Soup version 0.30.1-11-g7821555f0a (webtiles) character file.

Game seed: 18031612260771392407

75 Peloso the Shield-Bearer (level 4, -2/40 HPs)
             Began as a Minotaur Fighter on Dec 29, 2023.
             Slain by a goblin
             ... wielding a +0 club
             ... led by Robin
              (3 damage)
             ... on level 2 of the Dungeon.
             The game lasted 00:01:05 (629 turns).

Peloso the Shield-Bearer (Minotaur Fighter)          Turns: 629, Time: 00:01:06

Health: -2/40      AC:  7    Str: 21    XL:     4   Next: 11%
Magic:  3/3        EV:  9    Int:  5    God:
Gold:   55         SH:  4    Dex: 11    Spells: 3/3 levels left

rFire   . . .        a - +0 long sword
rCold   . . .        c - +0 buckler
rNeg    . . .        b - +0 scale mail
rPois   .            (helmet restricted)
rElec   .            (no cloak)
rCorr   .            (no gloves)
SInv    .            (no boots)
Will    .....        (no amulet) Stlth
                     (no ring)
HPRegen 0.26/turn    (no ring)
MPRegen 0.08/turn

%: no passive effects
@: no status effects
A: horns 2, retaliatory headbutt
a: no special abilities


You were on level 2 of the Dungeon.
You visited 1 branch of the dungeon, and saw 2 of its levels.

You collected 55 gold pieces.

Inventory:

Hand Weapons
 a - a +0 long sword (weapon)
Armour
 b - a +0 scale mail (worn)
 c - a +0 buckler (worn)
Scrolls
 e - 2 scrolls of identify {unknown}
 h - 2 scrolls of teleportation {unknown}
 i - a scroll of fear {unknown}
 j - a scroll of vulnerability {unknown}
Potions
 d - 2 potions of might
 f - a potion of attraction {unknown}
 g - a potion of heal wounds {unknown}
 k - a potion of cancellation {unknown}


   Skills:
 + Level 4.2 Fighting
 + Level 3.6 Long Blades
 + Level 4.2 Armour
 + Level 0.1 Dodging
 + Level 4.3 Shields


You had 3 spell levels left.
You didn't know any spells.
Your spell library was empty.

Dungeon Overview and Level Annotations

Branches:
Dungeon (2/15)

Altars:


Innate Abilities, Weirdness & Mutations

You have a pair of horns on your head.
You reflexively headbutt those who attack you in melee.


Message History

The goblin hits you but does no damage.
You hit the hobgoblin.
You headbutt the hobgoblin, but do no damage.
The hobgoblin is heavily wounded.
The hobgoblin no longer looks unusually strong.
Robin barely misses you. The goblin hits you but does no damage.
The hobgoblin hits you with a +0 whip!
* * * LOW HITPOINT WARNING * * *
You slash the hobgoblin!
You kill the hobgoblin!
Robin hits you but does no damage. You block the goblin's attack.
Unknown command.
You slash the hobgoblin!
You kill the hobgoblin!
The goblin no longer looks unusually strong.
Robin hits you from afar with a +0 spear.
* * * LOW HITPOINT WARNING * * *
The goblin hits you with a +0 club.
* * * LOW HITPOINT WARNING * * *
Robin hits you but does no damage. The goblin barely misses you.
The goblin attacks as you move away! The goblin hits you but does no damage.
Robin hits you with a +0 spear.
* * * LOW HITPOINT WARNING * * *
Items here: ( ))))))) †††††.
Unknown command.
You slash Robin! Your headbutt misses Robin.
Robin is heavily wounded.
Robin roars a battlecry!
The goblin goes into a battle-frenzy!
The goblin barely misses you.
Unknown command.
You hit Robin but do no damage.
Robin is heavily wounded.
Robin hits you but does no damage. The goblin hits you with a +0 club.
* * * LOW HITPOINT WARNING * * *
Unknown command.
You barely miss Robin. You headbutt Robin!
You kill Robin!
The goblin hits you with a +0 club.
You die...

#### ..... ..... ###
......
#.##################......
##
#............)g@..).......
..
#.###.......####)..)......
.. #.#
#.......##...###...... #
#.# #.......#..### g>... #
#.# #.........## .... ##.#
#.......### ### #..#
#.......# #.## #.......# #
..# #[...†..# ######


You could see a goblin (strong).

Vanquished Creatures
  A hound (D:2)
  Robin (D:2)
  An adder (D:2)
  An endoplasm (D:1)
  A giant cockroach (D:2)
  12 goblins (D:2)
  3 hobgoblins (D:2)
  4 kobolds
  A quokka (D:2)
  3 ball pythons
  4 bats
  A frilled lizard (D:1)
  A rat (D:2)
34 creatures vanquished.

Notes
Turn   | Place    | Note
-------+----------+-------------------------------------------
     0 | D:1      | Peloso the Minotaur Fighter began the quest for the Orb.
     0 | D:1      | Reached XP level 1. HP: 19/19 MP: 0/0
   174 | D:1      | You fall into a shaft and drop 1 floor!
   193 | D:2      | Reached XP level 2. HP: 26/27 MP: 1/1
   460 | D:2      | Reached XP level 3. HP: 16/33 MP: 2/2
   603 | D:2      | Noticed Robin
   616 | D:2      | Reached XP level 4. HP: 40/40 MP: 3/3
   626 | D:2      | HP: 1/40 [Robin/+0 spear (2)]
   629 | D:2      | Killed Robin
   629 | D:2      | Slain by a goblin

Illustrated notes

Levels and vault maps discovered:
D:1:      dpeg_arrival_signposts, layout_basic, skrybe_limestone_x
D:2:      layout_rooms, minmay_tree_intersection, uniq_robin

Skill      XL: |  1  2 |
---------------+-------+-----
Shields        | 4 |  4.3
Fighting       | 4 |  4.2
Long Blades    | 3 |  3.6
Armour         | 4 |  4.2
Dodging        | |  0.1

Action                     |  1- 3 |  4- 6 || total
---------------------------+-------+-------++-------
  Melee: Long sword        |    60 |    13 ||    73
         Headbutt          |    10 |     3 ||    13
 Armour: Scale mail        |    48 |    13 ||    61
  Dodge: Dodged            |    34 |     6 ||    40
  Block: Buckler           |    20 |     3 ||    23
